 Dungeon Crawl Stone Soup version 0.27.0-1-g7a089689b8 (webtiles) character file.

Game seed: 15406892608496199736

198 infcreate the Covered (level 5, -3/34 HPs)
             Began as a Gargoyle Fighter on Aug 13, 2021.
             Slain by an orc (6 damage)
             ... on level 3 of the Dungeon.
             The game lasted 00:04:20 (2968 turns).

infcreate the Covered (Gargoyle Fighter)            Turns: 2968, Time: 00:04:20

Health: -3/34      AC: 11    Str: 19    XL:     5   Next: 77%
Magic:  5/5        EV:  7    Int: 10    God:
Gold:   89         SH:  9    Dex:  9    Spells: 4/4 levels left

rFire    . . .     SeeInvis .   a - +0 flail
rCold    . . .     Faith    .   c - +0 kite shield
rNeg     + . .     Spirit   .   b - +0 scale mail
rPois    ∞         Reflect  .   (no helmet)
rElec    +         Harm     .   (no cloak)
rCorr    .         Rampage  .   (no gloves)
Will     .....                  (no boots)
Stlth    ..........             (no amulet)
HPRegen  0.11/turn              (no ring)
MPRegen  0.09/turn              (no ring)

@: mighty
A: sickness immunity, AC +4, negative energy resistance 1, electricity
resistance, torment resistance 1, petrification resistance
a: no special abilities


You were on level 3 of the Dungeon.
You visited 1 branch of the dungeon, and saw 3 of its levels.

You collected 89 gold pieces.


Innate Abilities, Weirdness & Mutations

You are immune to sickness and miasma.
Your stone body is resilient. (AC +4)
You are immune to poison.
You resist negative energy. (rN+)
You are resistant to electric shocks. (rElec)
You are resistant to unholy torment.
You are immune to petrification.


   Skills:
 + Level 4.4 Fighting
 + Level 3.3 Maces & Flails
 + Level 4.4 Armour
 + Level 4.4 Shields


You had 4 spell levels left.
You didn't know any spells.
Your spell library was empty.

Inventory:

Hand Weapons
 a - a +0 flail (weapon)
Armour
 b - a +0 scale mail (worn)
 c - a +0 kite shield (worn)
Wands
 j - a wand of iceblast (10)
Scrolls
 e - a scroll of enchant armour {unknown}
 f - a scroll of fear {unknown}
 h - a scroll of identify {@r1}
 i - a scroll of vulnerability {unknown}
Potions
 d - a potion of might
 g - a potion of lignification {unknown}

Dungeon Overview and Level Annotations

Branches:
Dungeon (3/15)

Altars:

### ### #.# #.#
######.####.#
............#
###....#.##.#########
######.#........@oo.#
#...#..)....#######..o....
#.#.#####........ .......
............^.... .......
...######.####### ...r...
#..# #.# .......
#..######.# ..o.o..
........... .......
#..######.#


You could see 3 orcs.


Message History

The orc wizard hits you but does no damage.
You hit the orc wizard.
The orc wizard is severely wounded.
The orc wizard hits you with a +0 dagger.
* * * LOW HITPOINT WARNING * * *
The orc wizard hits you with a +0 dagger.
* * * LOW HITPOINT WARNING * * *
You closely miss the orc wizard.
The orc wizard is severely wounded.
The orc wizard hits you but does no damage.
You feel very mighty all of a sudden.
An orc comes into view. It is wielding a +0 hand axe.
The orc wizard casts a spell at you. The puff of flame hits you.
* * * LOW HITPOINT WARNING * * *
The orc shouts!
You sock the orc wizard!
You kill the orc wizard!
You hit the orc.
The orc is moderately wounded.
You block the orc's attack. The orc hits you but does no damage.
An orc comes into view. It is wielding a +0 dagger.
You hit the orc.
The orc is almost dead.
The orc complains repeatedly.
The orc hits you but does no damage.
You sock the orc!
You kill the orc!
The orc hits you with a +0 mace.
You die...

Skill      XL: |  1  2  3  4 |
---------------+-------------+-----
Shields        | 4 |  4.4
Armour         | 4 |  4.4
Fighting       | 4 |  4.4
Maces & Flails | 3 |  3.3

Action                   |  1- 3 |  4- 6 || total
-------------------------+-------+-------++-------
Melee: Flail             |   132 |   144 ||   276
  Use: Scroll            |     1 |       ||     1
       Potion            |       |     1 ||     1
Armor: Scale mail        |    73 |    79 ||   152
Dodge: Dodged            |    40 |    27 ||    67
Block: Kite shield       |    71 |    49 ||   120

Levels and vault maps discovered:
D:1:      saegor_arrival_miasma, layout_basic,
          shapermc_ecumenical_altar_hornbeckon
D:2:      minmay_skewed_foursquare, layout_loops_cross, uniq_jessica
D:3:      layout_basic, chequers_serial_rivers_micro_b,
          kennysheep_generic_room_14, uniq_robin

Notes
Turn   | Place    | Note
-------+----------+-------------------------------------------
     0 | D:1      | infcreate the Gargoyle Fighter began the quest for the Orb.
     0 | D:1      | Reached XP level 1. HP: 14/14 MP: 1/1
   422 | D:1      | Reached XP level 2. HP: 19/19 MP: 2/2
   789 | D:1      | Reached XP level 3. HP: 20/23 MP: 3/3
   937 | D:1      | Found a faded altar of an unknown god.
  1542 | D:2      | Noticed Jessica
  1556 | D:2      | Killed Jessica
  1557 | D:2      | Reached skill level 4 in Shields
  1557 | D:2      | Reached XP level 4. HP: 25/29 MP: 4/4
  1569 | D:2      | Reached skill level 4 in Armour
  1727 | D:2      | Reached skill level 4 in Fighting
  2451 | D:3      | Reached skill level 3 in Maces & Flails
  2451 | D:3      | Reached XP level 5. HP: 30/33 MP: 5/5
  2964 | D:3      | HP: 3/34 [orc wizard/puff of flame (2)]
  2968 | D:3      | Slain by an orc

Vanquished Creatures
  An orc priest (D:3)
  Jessica (D:2)
  2 orc wizards (D:3)
  2 adders (D:2)
  A worm (D:2)
  5 dart slugs
  4 orcs (D:3)
  3 ball pythons
  2 endoplasms (D:1)
  2 giant cockroaches
  6 hobgoblins
  5 jackals
  4 quokkas
  4 bats
  3 frilled lizards
  5 goblins
  7 kobolds
  8 rats
65 creatures vanquished.

Vanquished Creatures (others)
  A fungus (D:1)
  5 plants (D:1)
6 creatures vanquished.

Grand Total: 71 creatures vanquished

Table legend: (Time is in decaauts)
 A = Elapsed time spent in this place.
 B = Non-inter-level travel time spent in this place.
 C = Inter-level travel time spent in this place.
 D = Time resting spent in this place.
 E = Time spent auto-exploring this place.
 F = Levels seen in this place.
 G = Mean time per level.
                   A        B        C        D        E       F      G
               +--------+--------+--------+--------+--------+-----+--------+
         Total |   3106 |   3086 |     20 |     71 |   2311 |   3 | 1035.3 |
       Dungeon |   3106 |   3086 |     20 |     71 |   2311 |   3 | 1035.3 |
               +--------+--------+--------+--------+--------+-----+--------+

Top non-repeatable levels by time:
     D:1: 1330 daAuts
     D:2: 992 daAuts
     D:3: 783 daAuts

Table legend:
 A = Non-vault XP
 B = Vault XP
 C = Vault XP percentage of total XP
 D = Non-vault monster count
 E = Vault monster count
 F = Vault count percentage of total count
                 A         B        C        D         E       F
            +---------+---------+-------+---------+---------+-------
      Total |     242 |      45 |  15.7 |      61 |       4 |   6.2
            +---------+---------+-------+---------+---------+-------
        D:1 |      54 |       0 |   0.0 |      32 |       0 |   0.0
        D:2 |      53 |      45 |  45.9 |      15 |       4 |  21.1
        D:3 |     135 |       0 |   0.0 |      14 |       0 |   0.0
            +---------+---------+-------+---------+---------+-------
